 Dungeon Crawl Stone Soup version 0.19.1 (webtiles) character file.

227340 rastmirit the Hoplite (level 18, -8/153 HPs)
             Began as a Deep Dwarf Fighter on Dec 1, 2016.
             Was the Champion of Makhleb.
             Splashed by an acid blob's acid (10 damage)
             ... on level 2 of the Pits of Slime.
             The game lasted 02:30:35 (28730 turns).

rastmirit the Hoplite (Deep Dwarf Fighter)         Turns: 28730, Time: 02:30:36

Health: -8/153     AC: 21    Str: 28    XL:     18   Next: 24%
Magic:  15/15      EV:  9    Int: 13    God:    Makhleb [******]
Gold:   3167       SH: 25    Dex: 13    Spells: 0 memorised, 17 levels left

rFire  + + .     SeeInvis .     U - +8 broad axe of Cheibriados's Favour {drain, +Inv rF+ rC+ Int-4}
rCold  + . .     Gourm    .     v - +0 chain mail of the Heavens {rElec rF+ Dex+3}
rNeg   + . .     Faith    .     c - +3 shield
rPois  +         Spirit   .     q - +0 helmet
rElec  +         Reflect  +     J - +0 cloak of Neupseaf {MR+}
rCorr  .         Harm     .     d - +2 pair of gloves of Fortification {*Drain Int+8 Stlth+}
MR     +++..     Rnd*Rage +     C - +0 pair of boots "Viofuuna" {Regen+}
Stlth  ..........               N - +5 amulet of reflection
                                m - ring of magical power
                                z - ring of poison resistance

@: non-regenerating
A: damage resistance, recharge devices, berserk 1, blurry vision 1, clumsy 1,
frail 1, low mp 2, negative energy resistance 1, sense surroundings 3, slow
regeneration 3
a: Device Recharging, Minor Destruction, Lesser Servant of Makhleb, Major
Destruction, Greater Servant of Makhleb, Renounce Religion, Evoke Invisibility
}: 2/15 runes: decaying, gossamer


You were on level 2 of the Pits of Slime.
You worshipped Makhleb.
Makhleb was exalted by your worship.
You were full.

You visited 7 branches of the dungeon, and saw 35 of its levels.

You collected 3237 gold pieces.
You spent 70 gold pieces at shops.

Inventory:

Hand Weapons
 U - the +8 broad axe of Cheibriados's Favour (weapon) {drain, +Inv rF+ rC+ Int-4}
   (You found it on level 6 of the Lair of Beasts)

   A truly terrible weapon, it drains the life of those it strikes.
   It affects your intelligence (-4).
   It protects you from fire.
   It protects you from cold.
   It lets you turn invisible.
Armour
 c - a +3 shield (worn)
 d - the +2 pair of gloves of Fortification (worn) {*Drain Int+8 Stlth+}
   (You found it on level 7 of the Dungeon)

   It affects your intelligence (+8).
   It causes draining when unequipped.
   It makes you more stealthy.
 q - a +0 helmet (worn)
 v - the +0 chain mail of the Heavens (worn) {rElec rF+ Dex+3}
   (You found it on level 7 of the Dungeon)

   It affects your dexterity (+3).
   It protects you from fire.
   It insulates you from electricity.
 C - the +0 pair of boots "Viofuuna" (worn) {Regen+}
   (You found it on level 9 of the Dungeon)

   It increases your rate of regeneration.
 J - the +0 cloak of Neupseaf (worn) {MR+}
   (You found it on level 5 of the Lair of Beasts)

   It affects your resistance to hostile enchantments.
Jewellery
 h - an uncursed ring of magical power
 m - a ring of magical power (right hand)
 z - a ring of poison resistance (left hand)
 G - an uncursed amulet of the gourmand
 N - a +5 amulet of reflection (around neck)
 P - an uncursed amulet of rage
Wands
 a - a wand of digging (7/24)
 e - a wand of heal wounds (0/9)
 n - a wand of slowing (3/48)
 r - a wand of disintegration (15/24)
 t - a wand of slowing (30/48)
 x - a wand of disintegration (10/24)
 K - a wand of lightning (0/15)
 M - a wand of random effects (14/48)
Scrolls
 b - 2 scrolls of vulnerability
 f - a scroll of amnesia
 i - 13 scrolls of remove curse
 l - 6 scrolls of enchant weapon
 s - a scroll of magic mapping
 w - 2 scrolls of teleportation
 y - a scroll of brand weapon
 B - a scroll of torment
 D - 3 scrolls of fear
 E - a scroll of fog
 O - a scroll of holy word {unknown}
 S - a scroll of silence
Potions
 g - 6 potions of flight
 j - 10 potions of curing
 p - a potion of resistance
 L - 4 potions of lignification
Miscellaneous
 H - a sack of spiders
 T - a lamp of fire
Comestibles
 k - 10 bread rations
 o - 16 meat rations
 A - 5 royal jellies


   Skills:
 + Level 13.3 Fighting
 + Level 19.5 Axes
 + Level 13.0 Armour
 * Level 21.3 Shields


You had 17 spell levels left.
You didn't know any spells.

Dungeon Overview and Level Annotations

Branches:
Dungeon (15/15)            Temple (1/1) D:4            Lair (6/6) D:8
  Swamp (4/4) Lair:3       Spider (4/4) Lair:3        Slime (3/5) Lair:6
    Orc (2/2) D:12            Elf (0/3) Orc:2        Vaults (0/5) D:13
 Depths (0/5) D:15

Altars:
Cheibriados
Dithmenos
Elyvilon
Fedhas
Gozag
Hepliaklqana
Kikubaaqudgha
Makhleb
Nemelex Xobeh
Okawaru
Qazlal
Ru
Sif Muna
Trog
Uskayaw
Vehumet
Xom
Zin
The Shining One

Shops:
Orc:2 *![(*


Innate Abilities, Weirdness & Mutations

You are resistant to damage.
You can recharge devices by infusing magical energy.
You resist negative energy. (rN+)
You passively map a large area around you.
You do not regenerate.
You tend to lose your temper in combat.
Scrolls take you a little longer to read.
You are clumsy. (Dex -2)
You are frail. (-10% HP)
Your magical capacity is very low. (-20% MP)


Message History

Okay, then.
Zapping:
a - a wand of digging (8/24)
Press: ? - help, Shift-Dir - straight line The slime shatters into small pieces.
This wand has 7 charges left.
You are splashed with acid!
The walls burn you!
You are splashed with acid!
The walls burn you!
An acid blob comes into view.
You are splashed with acid!
The walls burn you!
* * * LOW HITPOINT WARNING * * *
The acid blob quivers.
The acid blob spits acid at you.
The splash of acid reflects off an invisible shield around you!
The splash of acid hits the acid blob.
The acid blob completely resists.
You are splashed with acid!
The walls burn you!
* * * LOW HITPOINT WARNING * * *
You are splashed with acid!
The walls burn you!
* * * LOW HITPOINT WARNING * * *
The acid blob spits acid at you. The splash of acid hits you!
You are splashed with acid!
The acid burns!
You die...

*,,,,,,**,,,,,,,* ##
**,*,**#...,,,,** #.
***,*##...,,*** ###
*,,,*....,,,* ##..
**,**#...,,** ##...
***##...,,* #...#
##..J.,** ##....
#.....## ##.....
*#....@## ### #......
###.##.###.#####......
#**##.#...#.#....#..
##.#.#........#.
###.....##......
##........##.....
#................
##.##............
###.............


You could see an acid blob.

Vanquished Creatures
  Nikola (Swamp:3)
  Jorgrun (Swamp:3)
  2 acid blobs
  4 thorn hunters (Swamp:4)
  3 azure jellies (Slime:2)
  3 emperor scorpions (Spider:4)
  6 ghost moths
  Louise (Swamp:4)
  A very ugly thing (Swamp:2)
  4 entropy weavers
  4 dire elephants (Lair:6)
  2 spark wasps
  Azrael (Orc:2)
  Snorg (Orc:1)
  Harold (Orc:1)
  2 great orbs of eyes (Slime:3)
  23 hydras
  A ghost crab (Swamp:4)
  4 centaur warriors
  A queen ant (Spider:1)
  An anaconda (Lair:6)
  The ghost of Kloppie the Impaler, a novice MfBe of Trog (D:7)
  11 alligators
  5 death yaks
  A spriggan berserker (Swamp:4)
  The ghost of stonage the Cudgeler, a novice DsFi of Okawaru (D:6)
  A spriggan druid (Swamp:4)
  11 swamp dragons
  2 unseen horrors
  5 hill giants
  5 shambling mangroves
  Pikel (D:6)
  2 wizards (D:15)
  A necromancer (D:15)
  A wolf spider zombie (D:15)
  11 wolf spiders
  5 orc knights
  8 ugly things
  14 orb spiders
  3 orc sorcerers
  4 cyclopes
  A shining eye (Slime:3)
  2 moths of wrath
  2 black mambas
  13 elephants
  Maurice (D:13)
  5 centaur zombies
  A torpor snail (Spider:2)
  An eye of devastation (Slime:3)
  17 spiny frogs
  5 gargoyles
  A rime drake (Lair:5)
  4 yaktaurs
  8 demonic crawlers
  2 komodo dragons
  6 kobold demonologists
  A tengu conjurer (D:15)
  2 ice devils (D:11)
  A redback zombie (D:14)
  8 trolls
  A queen bee (D:10)
  A polar bear (Lair:4)
  30 jumping spiders
  6 tyrant leeches
  29 blink frogs
  24 hornets
  3 two-headed ogres
  13 bog bodies
  36 slime creatures
  6 dream sheep (Lair:5)
  9 hippogriffs
  A centaur simulacrum (D:15)
  27 tarantellas
  62 redbacks
  12 spriggans
  A wraith (D:10)
  4 basilisks
  64 yaks
  Sigmund (D:6)
  6 wyverns
  A vampire (D:13)
  5 fire elementals (Orc:2)
  15 vampire mosquitoes
  The ghost of DodgyDan the Slasher, an amateur DsWn of Okawaru (D:4)
  Menkaure (D:6)
  3 hungry ghosts
  A mottled dragon (D:15)
  5 wargs
  4 insubstantial wisps (Swamp:3)
  20 swamp worms
  24 soldier ants
  9 water moccasins
  15 porcupines
  2 hell hounds (Orc:2)
  13 swamp drakes
  A hornet zombie (D:14)
  3 ice beasts
  2 sky beasts
  5 eyes of draining
  38 orc warriors
  A necrophage (D:13)
  3 black bears
  2 phantoms
  21 centaurs
  10 ogres
  13 wolves
  11 crocodiles
  Blork the orc (D:6)
  3 big kobolds
  23 bullfrogs
  A gnoll sergeant (Orc:1)
  4 scorpions
  29 killer bees
  8 wights
  2 howler monkeys
  7 electric eels
  7 crimson imps
  3 jellies
  4 centaur skeletons
  6 hounds
  19 orc wizards
  19 orc priests
  2 bullfrog skeletons
  6 iguanas
  27 worker ants
  4 hell rats (Lair:3)
  3 hound skeletons
  A howler monkey zombie (D:10)
  A worker ant zombie (D:9)
  10 gnolls
  8 adders
  5 shadow imps
  4 oozes
  An adder skeleton (D:4)
  A worm (D:3)
  A dart slug (D:1)
  2 leopard geckos
  88 orcs
  3 ball pythons
  5 bats
  4 giant cockroaches
  10 goblins
  7 hobgoblins
  4 jackals (D:6)
  27 kobolds
  3 quokkas
  5 frilled lizards
  A leopard gecko skeleton (D:6)
  A leopard gecko zombie (D:7)
  A quokka zombie (D:9)
  4 rats
  11 briar patches (Swamp:4)
  8 fungi
  6 plants
1206 creatures vanquished.

Vanquished Creatures (collateral kills)
  2 dire elephants (Lair:6)
  A hydra (Swamp:4)
3 creatures vanquished.

Vanquished Creatures (others)
  An orc wizard (Orc:1)
  3 orcs (D:6)
  A quokka (D:6)
  21 fungi
  10 plants (Lair:6)
36 creatures vanquished.

Grand Total: 1245 creatures vanquished

Notes
Turn   | Place    | Note
-------+----------+-------------------------------------------
     0 | D:1      | rastmirit the Deep Dwarf Fighter began the quest for the Orb.
     0 | D:1      | Reached XP level 1. HP: 20/20 MP: 1/1
   216 | D:1      | Reached XP level 2. HP: 20/27 MP: 2/2
   883 | D:2      | Reached XP level 3. HP: 18/33 MP: 3/3
  1470 | D:3      | Found a sacrificial altar of Ru.
  1615 | D:3      | Reached XP level 4. HP: 40/40 MP: 4/4
  1624 | D:3      | Noticed a centaur
  1629 | D:3      | Reached skill level 4 in Shields
  1637 | D:3      | Killed a centaur
  1637 | D:3      | Reached XP level 5. HP: 18/49 MP: 5/5
  2075 | D:4      | Reached skill level 5 in Axes
  2075 | D:4      | Reached XP level 6. HP: 31/56 MP: 6/6
  2233 | D:4      | Found an iron altar of Okawaru.
  2247 | D:4      | Found a shadowy altar of Dithmenos.
  2295 | D:4      | Found a snail-covered altar of Cheibriados.
  2309 | D:4      | Found a white marble altar of Elyvilon.
  2396 | D:4      | Reached skill level 5 in Shields
  2689 | D:4      | Reached XP level 7. HP: 37/62 MP: 7/7
  2696 | D:4      | Noticed DodgyDan's ghost (amateur DsWn)
  2706 | D:4      | Killed DodgyDan's ghost
  2740 | D:4      | Found a staircase to the Ecumenical Temple.
  2755 | Temple   | Entered the Ecumenical Temple
  2792 | Temple   | Became a worshipper of Makhleb the Destroyer
  2866 | D:4      | Found a deep blue altar of Sif Muna.
  3182 | D:5      | Entered Level 5 of the Dungeon
  3235 | D:5      | Reached skill level 6 in Shields
  3323 | D:5      | Reached skill level 5 in Armour
  3323 | D:5      | Reached XP level 8. HP: 57/72 MP: 7/7
  3704 | D:5      | Found a hide-covered altar of Uskayaw.
  3911 | D:6      | Noticed Pikel
  3925 | D:6      | Killed Pikel
  3925 | D:6      | Reached skill level 7 in Shields
  3964 | D:6      | Noticed Menkaure
  3972 | D:6      | Killed Menkaure
  3997 | D:6      | Noticed Sigmund
  4004 | D:6      | Killed Sigmund
  4004 | D:6      | Gained mutation: You passively map the area around you. [Deep Dwarf growth]
  4004 | D:6      | Reached XP level 9. HP: 72/79 MP: 7/7
  4048 | D:6      | Reached skill level 8 in Shields
  4051 | D:6      | Noticed Blork the orc
  4063 | D:6      | Killed Blork the orc
  4097 | D:6      | Noticed stonage's ghost (novice DsFi)
  4135 | D:6      | Killed stonage's ghost
  4135 | D:6      | Reached skill level 5 in Fighting
  4135 | D:6      | Reached skill level 10 in Axes
  4151 | D:6      | Found a glowing silver altar of Zin.
  4357 | D:7      | Reached * piety under Makhleb
  4391 | D:7      | Noticed Kloppie's ghost (novice MfBe)
  4427 | D:7      | Killed Kloppie's ghost
  4427 | D:7      | Reached skill level 9 in Shields
  4462 | D:7      | Got a pair of encrusted gloves
  4468 | D:7      | Identified the +2 pair of gloves of Fortification {*Drain Int+8 Stlth+} (You found it on level 7 of the Dungeon)
  4595 | D:7      | Got a brightly glowing chain mail
  4606 | D:7      | Identified the cursed +0 chain mail of the Heavens {rElec rF+ Dex+3} (You found it on level 7 of the Dungeon)
  4749 | D:7      | Found a stormy altar of Qazlal.
  4877 | D:8      | Found a staircase to the Lair.
  4877 | D:8      | Noticed a gargoyle
  4884 | D:8      | Reached XP level 10. HP: 88/88 MP: 6/6
  4916 | D:8      | Reached skill level 10 in Shields
  4936 | D:8      | Killed a gargoyle
  5136 | D:8      | Reached ** piety under Makhleb
  5312 | D:8      | Found a radiant altar of Vehumet.
  5920 | D:9      | Found a glowing golden altar of the Shining One.
  6028 | D:9      | Reached *** piety under Makhleb
  6028 | D:9      | Reached XP level 11. HP: 88/97 MP: 7/7
  6039 | D:9      | Reached skill level 11 in Shields
  6086 | D:9      | Got a pair of bloodstained boots
  6092 | D:9      | Identified the cursed +0 pair of boots "Viofuuna" {Regen+} (You found it on level 9 of the Dungeon)
  6179 | D:9      | You fall through a shaft for 3 floors!
  6259 | D:11     | Noticed a seven-headed hydra
  6267 | D:10     | Entered Level 10 of the Dungeon
  6550 | D:9      | Found a sacrificial altar of Ru.
  6990 | D:10     | Reached **** piety under Makhleb
  7299 | D:10     | Reached skill level 12 in Shields
  7702 | Lair:1   | Entered Level 1 of the Lair of Beasts
  8023 | Lair:1   | Reached XP level 12. HP: 73/109 MP: 7/7
  8509 | Lair:1   | Found a glowing silver altar of Zin.
  9136 | Lair:1   | Noticed a five-headed hydra
  9153 | Lair:1   | Killed a 15-headed hydra
  9278 | Lair:2   | Reached ***** piety under Makhleb
  9481 | Lair:2   | Reached skill level 13 in Shields
 10116 | Lair:3   | Found a hole to the Spider Nest.
 10659 | Lair:3   | Found a staircase to the Swamp.
 11085 | Lair:4   | Noticed a six-headed hydra
 11100 | Lair:4   | Killed a 14-headed hydra
 11269 | Lair:4   | Noticed a death yak
 11270 | Lair:4   | Noticed a death yak
 11271 | Lair:4   | Noticed a death yak
 11272 | Lair:4   | Noticed a death yak
 11279 | Lair:4   | Killed a death yak
 11279 | Lair:4   | Reached XP level 13. HP: 96/117 MP: 8/8
 11290 | Lair:4   | Reached skill level 14 in Shields
 11298 | Lair:4   | Reached skill level 15 in Axes
 12013 | Lair:5   | Got a distressingly furry cloak
 12024 | Lair:5   | Identified the cursed +0 cloak of Neupseaf {MR+} (You found it on level 5 of the Lair of Beasts)
 12162 | Lair:5   | Found a hazy altar of Hepliaklqana.
 12479 | Lair:6   | Entered Level 6 of the Lair of Beasts
 12633 | Lair:6   | Reached ****** piety under Makhleb
 12956 | Lair:6   | Reached skill level 15 in Shields
 13051 | Lair:6   | Found a staircase to the Slime Pits.
 13492 | Lair:6   | Noticed a dire elephant
 13492 | Lair:6   | Noticed a dire elephant
 13517 | Lair:6   | Noticed a balrug
 13521 | Lair:6   | Noticed a dire elephant
 13535 | Lair:6   | Killed a dire elephant
 13537 | Lair:6   | Killed a dire elephant
 13584 | Lair:6   | Noticed a dire elephant
 13590 | Lair:6   | Noticed a dire elephant
 13621 | Lair:6   | Noticed a green death
 13627 | Lair:6   | Noticed a dire elephant
 13672 | Lair:6   | Noticed a cacodemon
 13683 | Lair:6   | Killed a dire elephant
 13683 | Lair:6   | Reached skill level 10 in Armour
 13684 | Lair:6   | Gained mutation: You are frail. (-10% HP) [a cacodemon]
 13685 | Lair:6   | Killed a dire elephant
 13686 | Lair:6   | Killed a dire elephant
 13686 | Lair:6   | Gained mutation: You resist negative energy. (rN+) [Deep Dwarf growth]
 13686 | Lair:6   | Reached XP level 14. HP: 96/116 MP: 7/7
 13689 | Lair:6   | Gained mutation: Your magical capacity is low. (-10% MP) [a cacodemon]
 13912 | Lair:6   | Got a brightly glowing broad axe
 13913 | Lair:6   | Identified the +8 broad axe of Cheibriados's Favour {drain, +Inv rF+ rC+ Int-4} (You found it on level 6 of the Lair of Beasts)
 15005 | D:12     | Reached skill level 16 in Shields
 15995 | D:12     | Found a staircase to the Orcish Mines.
 16021 | Orc:1    | Entered Level 1 of the Orcish Mines
 16120 | Orc:1    | Noticed Snorg
 16133 | Orc:1    | Killed Snorg
 16355 | Orc:2    | Entered Level 2 of the Orcish Mines
 16398 | Orc:2    | Noticed Azrael
 16413 | Orc:2    | Killed Azrael
 16443 | Orc:2    | Found Majov's Antique Weapon Shoppe.
 16443 | Orc:2    | Found Jugunkar's Armour Shop.
 16445 | Orc:2    | Found Ziaxtad's Distillery.
 16447 | Orc:2    | Found Vauclugu's Assorted Antiques.
 16512 | Orc:2    | Found a staircase to the Elven Halls.
 16532 | Orc:2    | Bought a scroll of identify for 70 gold pieces
 16819 | Orc:2    | Found Luemiot's Assorted Antiques.
 17173 | Orc:1    | Noticed Harold
 17178 | Orc:1    | Reached skill level 10 in Fighting
 17186 | Orc:1    | Killed Harold
 17777 | D:13     | Noticed Maurice
 17789 | D:13     | Killed Maurice
 18128 | D:13     | Found a gate to the Vaults.
 18567 | D:14     | Reached XP level 15. HP: 122/124 MP: 6/6
 18874 | D:14     | Reached skill level 17 in Shields
 19072 | D:15     | Entered Level 15 of the Dungeon
 19328 | D:15     | Found a staircase to the Depths.
 21003 | Spider:1 | Entered Level 1 of the Spider Nest
 21127 | Spider:1 | Killed a ghost moth
 21333 | Spider:1 | You fall through a shaft!
 21466 | Spider:2 | Killed a ghost moth
 21541 | Spider:2 | Killed a ghost moth
 21541 | Spider:2 | Reached skill level 18 in Shields
 21740 | Spider:1 | Reached XP level 16. HP: 135/135 MP: 7/7
 23508 | Spider:4 | Entered Level 4 of the Spider Nest
 23822 | Spider:4 | Reached skill level 19 in Shields
 24092 | Spider:4 | Got a gossamer rune of Zot
 24394 | Swamp:1  | Entered Level 1 of the Swamp
 24566 | Swamp:1  | You fall through a shaft!
 24763 | Swamp:1  | Reached XP level 17. HP: 143/143 MP: 8/8
 25178 | Swamp:2  | Found a sacrificial altar of Ru.
 25494 | Swamp:2  | Reached skill level 20 in Shields
 25709 | Swamp:3  | Noticed Jorgrun
 25732 | Swamp:3  | Killed Jorgrun
 25754 | Swamp:3  | Noticed Nikola
 25767 | Swamp:3  | Killed Nikola
 26385 | Swamp:4  | Entered Level 4 of the Swamp
 26724 | Swamp:4  | Noticed Louise
 26751 | Swamp:4  | Killed Louise
 27098 | Swamp:4  | Reached skill level 21 in Shields
 27237 | Swamp:4  | Got a decaying rune of Zot
 27815 | Slime:1  | Entered Level 1 of the Pits of Slime
 27860 | Slime:1  | Gained mutation: You passively map a large area around you. [Deep Dwarf growth]
 27860 | Slime:1  | Reached XP level 18. HP: 153/153 MP: 8/8
 28356 | Slime:3  | Gained mutation: You are clumsy. (Dex -2) [a shining eye]
 28358 | Slime:3  | Gained mutation: Your magical capacity is very low. (-20% MP) [a shining eye]
 28363 | Slime:3  | Gained mutation: You tend to lose your temper in combat. [a shining eye]
 28366 | Slime:3  | Gained mutation: Scrolls take you a little longer to read. [a shining eye]
 28730 | Slime:2  | HP: 2/153 [acid (32)]
 28730 | Slime:2  | Splashed by an acid blob's acid

Skill      XL: |  1  2  3  4  5  6  7  8  9 10 11 12 13 14 15 16 17 |
---------------+----------------------------------------------------+-----
Axes           | 3 4 5 6 7 9 10 12 13 14 16 17 18 19 | 19.5
Armour         | 4 5 6 8 9 10 11 12 13 | 13.0
Shields        | 4 5 6 7 9 10 12 13 15 16 18 19 21 | 21.3
Fighting       | 3 4 5 6 7 8 9 10 11 12 13 | 13.3

Action                   |  1- 3 |  4- 6 |  7- 9 | 10-12 | 13-15 | 16-18 || total
-------------------------+-------+-------+-------+-------+-------+-------++-------
Melee: War axe           |   111 |   147 |   291 |   938 |       |       ||  1487
       Broad axe         |       |       |       |   346 |  1396 |  1245 ||  2987
Invok: Greater Servant o |       |       |       |       |     5 |       ||     5
       Lesser Servant of |       |       |       |       |     2 |       ||     2
 Abil: Device Recharging |       |       |     4 |     1 |     2 |     1 ||     8
Evoke: Wand              |     1 |     3 |    16 |    13 |    27 |    22 ||    82
  Use: Scroll            |       |     7 |     9 |     7 |    22 |    14 ||    59
       Potion            |       |       |     4 |     4 |     2 |    15 ||    25
 Stab: Paralysed         |       |       |       |     6 |       |       ||     6
       Distracted        |       |       |       |       |     1 |     1 ||     2
       Held in net/web   |       |       |       |       |       |     1 ||     1
  Eat: Beef jerky        |     2 |       |       |     1 |     6 |     2 ||    11
       Bread ration      |       |     1 |     1 |     6 |     3 |     2 ||    13
       Fruit             |       |       |     3 |       |     9 |     8 ||    20
       Pizza             |       |       |     1 |       |     2 |     2 ||     5
       Meat ration       |       |       |       |       |     1 |       ||     1
       Royal jelly       |       |       |       |       |       |     4 ||     4
Armor: Scale mail        |    43 |    49 |    62 |       |       |       ||   154
       Skin              |       |       |    25 |    89 |       |       ||   114
       Chain mail        |       |       |    17 |   392 |   659 |   694 ||  1762
Dodge: Dodged            |    33 |    37 |    62 |   224 |   303 |   370 ||  1029
Block: Shield            |    57 |    83 |   157 |   779 |  1119 |  1287 ||  3482
       Reflection        |       |       |       |       |       |     2 ||     2
